 Dungeon Crawl Stone Soup version 0.31-a0-726-g3c93526463 (webtiles) character file.

Game seed: 18240916342704981732

80 Descartes the Covert (level 4, -2/23 HPs)
             Began as a Spriggan Delver on Sept 11, 2023.
             Slain by a river rat (3 damage)
             ... in a sewer.
             The game lasted 00:03:22 (646 turns).

Descartes the Covert (Spriggan Delver)               Turns: 646, Time: 00:03:22

Health: -2/23      AC:  2    Str: 10    XL:     4   Next: 18%
Magic:  5/5        EV: 18    Int: 11    God:
Gold:   0          SH:  0    Dex: 16    Spells: 3/3 levels left

rFire   . . .        a - +0 short sword
rCold   . . .        (no shield)
rNeg    . . .        b - +0 robe
rPois   .            (helmet restricted)
rElec   .            (no cloak)
rCorr   .            (gloves unavailable)
SInv    +            (boots unavailable)
Will    +....        (no amulet)
Stlth   ++++         (no ring)
HPRegen 0.23/turn    (no ring)
MPRegen 0.09/turn

%: no passive effects
@: enlightened, flying, hasted, very quick
A: very small, no large weapons, unfitting armour, see invisible, speed 3
a: no special abilities


You were in a sewer.
You visited 1 branch of the dungeon, and saw 3 of its levels.
You also visited: Sewer.

Inventory:

Hand Weapons
 a - a +0 short sword (weapon)
Armour
 b - a +0 robe (worn)
Wands
 g - a wand of digging (3)
Scrolls
 c - a scroll of fog
 e - a scroll of fear
 h - a scroll of poison {unknown}
Potions
 d - a potion of heal wounds {unknown}
 i - 4 potions of enlightenment


   Skills:
 + Level 2.9 Fighting
 + Level 3.1 Short Blades
 + Level 3.8 Dodging
 + Level 8.0 Stealth


You had 3 spell levels left.
You didn't know any spells.
Your spell library was empty.

Dungeon Overview and Level Annotations

Branches:
Dungeon (5/15)              Sewer (1/1)
 Temple: D:4-7

Altars:


Innate Abilities, Weirdness & Mutations

You are very small and have problems with some larger weapons.
You are too small for most types of armour.
You have supernaturally acute eyesight. (SInv)
You cover ground extremely quickly. (Speed+++)


Message History

You see here a quokka corpse.
The river rat closely misses you.
You enter the shallow water.
Moving in this stuff is going to be slow.
The river rat twitches its whiskers.
The river rat attacks as it pursues you!
The river rat closely misses you.
You enter the shallow water.
Moving in this stuff is going to be slow.
The river rat attacks as it pursues you!
The river rat completely misses you.
You enter the shallow water.
Moving in this stuff is going to be slow.
The river rat attacks as it pursues you!
The river rat bites you. The river rat completely misses you.
You enter the shallow water.
Moving in this stuff is going to be slow.
A quokka comes into view.
You enter the shallow water.
Moving in this stuff is going to be slow.
You hit the river rat.
The river rat is moderately wounded.
The river rat closely misses you.
You closely miss the river rat.
The river rat is moderately wounded.
The river rat bites you.
* * * LOW HITPOINT WARNING * * *
The river rat completely misses you.
Unknown command.
You enter the shallow water.
Moving in this stuff is going to be slow.
You feel yourself speed up. The river rat completely misses you.
You hit the river rat.
The river rat is moderately wounded.
The river rat bites you.
* * * LOW HITPOINT WARNING * * *
Unknown command.
You feel very buoyant.
You fly up into the air.
The river rat bites you.
You die...

#~≈~.# ### #~≈~# #~≈~#### ###.∩
#~≈~# #~≈~~~.####.... #~≈~#
#~≈~~~......... #.≈~#
#~≈~.~~........ #~≈~#
#.≈~####.##.... #~≈~# #~≈~#
#####...
###########~≈~#####~≈~###########
~.~.~~~~~.~~.r~r@~~~≈~≈≈≈≈≈≈≈
≈≈≈≈≈≈≈≈≈≈≈≈≈≈≈r≈≈≈≈≈~≈≈≈≈≈≈≈
.~÷~..~~.~~.~~~~~~~.~~≈≈≈≈≈≈≈
#############################


You could see 2 river rats and a quokka.

Vanquished Creatures
  A hound (D:5)
  An adder (D:5)
  2 river rats (Sewer)
  A dart slug (D:5)
  3 ball pythons (Sewer)
  2 giant cockroaches (Sewer)
  2 jackals (Sewer)
  A kobold (D:3)
  2 quokkas
  5 bats
  2 frilled lizards
  A rat (D:3)
23 creatures vanquished.

Notes
Turn   | Place    | Note
-------+----------+-------------------------------------------
     0 | D:5      | Descartes the Spriggan Delver began the quest for the Orb.
     0 | D:5      | Reached XP level 1. HP: 11/11 MP: 2/2
    22 | D:5      | Noticed a hound
    27 | D:5      | Killed a hound
    28 | D:5      | Reached XP level 2. HP: 16/16 MP: 3/3
    28 | D:5      | Reached XP level 3. HP: 19/19 MP: 4/4
   215 | D:3      | Found a glowing drain.
   219 | Sewer    | Entered a sewer
   448 | Sewer    | Reached XP level 4. HP: 22/23 MP: 5/5
   495 | Sewer    | Reached skill level 8 in Stealth
   645 | Sewer    | HP: 1/23 [river rat (6)]
   646 | Sewer    | Slain by a river rat

Illustrated notes

Levels and vault maps discovered:
D:3:      layout_loops_cross, hangedman_ru_absence, portal_sewer_entry_e
D:4:      layout_basic, serial_shops, nicolae_shop_tiny_waterfront,
          uniq_natasha, uniq_menkaure, uniq_pikel
D:5:      layout_loops_cross, kiku_gazebo_garden_becter, uniq_blork_the_orc
Sewer:    sewer_fruit_machine

Skill      XL: |  1  2  3  4 |
---------------+-------------+-----
Dodging        | 3 |  3.8
Short Blades   | 3 |  3.1
Stealth        | 8 |  8.0
Fighting       | |  2.9

Action                     |  1- 3 |  4- 6 || total
---------------------------+-------+-------++-------
  Melee: Short sword       |    99 |    40 ||   139
         Punch             |     1 |       ||     1
    Use: Scroll            |     1 |       ||     1
         Potion            |       |     2 ||     2
   Stab: Sleeping          |     3 |     1 ||     4
 Armour: Robe              |    25 |    17 ||    42
  Dodge: Dodged            |   102 |    33 ||   135

Table legend: (Time is in decaauts)
 A = Elapsed time spent in this place.
 B = Non-inter-level travel time spent in this place.
 C = Inter-level travel time spent in this place.
 D = Time resting spent in this place.
 E = Time spent auto-exploring this place.
 F = Levels seen in this place.
 G = Mean time per level.
                   A        B        C        D        E       F      G
               +--------+--------+--------+--------+--------+-----+--------+
         Total |    565 |    565 |      0 |      0 |    204 |   4 |  141.2 |
       Dungeon |    154 |    154 |      0 |      0 |     29 |   3 |   51.3 |
         Sewer |    410 |    410 |      0 |      0 |    174 |   1 |  410.0 |
               +--------+--------+--------+--------+--------+-----+--------+

Top non-repeatable levels by time:
   Sewer: 410 daAuts
     D:5: 76 daAuts
     D:3: 66 daAuts
     D:4: 11 daAuts
